 Dungeon Crawl Stone Soup version 0.18-a0-1577-gf591c28 (webtiles) character file.

628 ithil the Shield-Bearer (level 7, 0/61 HPs)
             Began as a Minotaur Fighter on Mar 24, 2016.
             Slain by an orc warrior
             ... wielding a +3 scimitar
              (13 damage)
             ... on level 4 of the Dungeon.
             The game lasted 00:16:48 (3278 turns).

ithil the Shield-Bearer (Minotaur Fighter)          Turns: 3278, Time: 00:16:48

Health: 0/61       AC: 10    Str: 22    XL:     7   Next: 23%
Magic:  6/6        EV:  7    Int:  5    God:
Gold:   323        SH: 11    Dex: 10    Spells: 0 memorised, 6 levels left

rFire  . . .     SeeInvis .     a - +0 war axe
rCold  + + .     Gourm    .     h - +0 chain mail
rNeg   . . .     Faith    .     c - +1 shield
rPois  +         Spirit   .     (helmet restricted)
rElec  +         Dismiss  .     (no cloak)
rCorr  +         Reflect  .     (no gloves)
SustAt .         Harm     .     (no boots)
MR     .....                    (no amulet)
Stlth  ..........               (no ring)
                                u - ring of ice

@: resistant, not resistant to hostile enchantments, extremely unstealthy
A: retaliatory headbutt, horns 2
a: no special abilities


You were on level 4 of the Dungeon.
You were not hungry.

You visited 1 branch of the dungeon, and saw 4 of its levels.

You collected 323 gold pieces.

Inventory:

Hand Weapons
 a - a +0 war axe (weapon)
Armour
 b - a +0 scale mail
 c - a +1 shield (worn)
 h - a +0 chain mail (worn)
 p - a +0 chain mail
 q - a +0 ring mail
Jewellery
 u - a ring of ice (left hand)
Scrolls
 e - a scroll of magic mapping {unknown}
 g - 2 scrolls of remove curse
 i - 4 scrolls of noise
 j - 2 scrolls of teleportation {unknown}
 r - a scroll of enchant armour
 t - a scroll of fear {unknown}
 w - 2 scrolls of blinking {unknown}
 x - a scroll of identify {unknown}
Potions
 m - a potion of curing {unknown}
 n - a potion of heal wounds {unknown}
 o - a potion of lignification {unknown}
 s - a potion of degeneration {unknown}
 z - a potion of brilliance {unknown}
Comestibles
 d - 10 chunks of flesh
 f - 4 bread rations
 l - 2 meat rations
 v - 2 royal jellies


   Skills:
 + Level 5.0 Fighting
 + Level 4.6 Axes
 + Level 5.5 Armour
 + Level 2.5 Dodging
 + Level 0.5 Stealth
 + Level 6.6 Shields


You had 6 spell levels left.
You didn't know any spells.

Dungeon Overview and Level Annotations

Branches:
Dungeon (4/15)
 Temple: D:4-7

Altars:
Elyvilon
Kikubaaqudgha
Sif Muna
Xom

Annotations:
D:4 Sigmund


Innate Abilities, Weirdness & Mutations

You reflexively headbutt those who attack you in melee.
You have a pair of horns on your head.


Message History

You closely miss the orc warrior. You headbutt the orc warrior!
The orc warrior is heavily wounded.
The orc warrior hits you with an enchanted scimitar!
* * * LOW HITPOINT WARNING * * *
You slash the orc warrior! Your headbutt misses the orc warrior.
The orc warrior is almost dead.
You block the orc warrior's attack.
You closely miss the orc warrior. You headbutt the orc warrior.
The orc warrior is almost dead.
The orc warrior closely misses you. You furiously retaliate!
You headbutt the orc warrior, but do no damage.
The orc warrior hits you with an enchanted scimitar.
* * * LOW HITPOINT WARNING * * *
Drink which item? (? for menu, Esc to quit)
It was a potion of resistance.
You feel protected.
Your chain mail prevents you from hitting the orc warrior.
The orc warrior is almost dead.
The orc warrior hits you with an enchanted scimitar!
You die...

#...####..####### #.
#...# #### .# #...# .##
#...# ..
#####...######### .#
....#...#.......###.###
....#...#.........$...#
...o#...#...)...#.....#
...o#...#.....o@......#
#####...#########.....#
#...# #.).....# #...#
#.####### #...#######.#
#...........#
#############


You could see an orc warrior.

Vanquished Creatures
  An ogre (D:4)
  4 big kobolds (D:3)
  A scorpion (D:4)
  A hound (D:4)
  An adder (D:4)
  4 gnolls (D:3)
  An ooze (D:4)
  3 worms
  3 dart slugs
  A giant gecko (D:2)
  4 orcs (D:4)
  A ball python (D:4)
  7 bats
  4 giant cockroaches
  6 goblins
  9 hobgoblins
  10 jackals
  A quokka (D:3)
  2 giant newts
  43 kobolds
  8 rats
115 creatures vanquished.

Notes
Turn   | Place    | Note
--------------------------------------------------------------
     0 | D:1      | ithil the Minotaur Fighter began the quest for the Orb.
     0 | D:1      | Reached XP level 1. HP: 19/19 MP: 0/0
    95 | D:1      | Reached XP level 2. HP: 24/27 MP: 1/1
   330 | D:1      | Reached skill level 4 in Shields
   444 | D:1      | Reached XP level 3. HP: 33/33 MP: 2/2
   722 | D:2      | Found a faded altar to an unknown god.
   877 | D:2      | Found a shimmering altar of Xom.
  1009 | D:2      | Reached skill level 1 in Dodging
  1064 | D:2      | Found a deep blue altar of Sif Muna.
  1280 | D:2      | Found an ancient bone altar of Kikubaaqudgha.
  1920 | D:3      | Found a white marble altar of Elyvilon.
  1943 | D:3      | Reached XP level 4. HP: 38/40 MP: 3/3
  2142 | D:3      | Noticed a big kobold
  2142 | D:3      | Noticed a big kobold
  2144 | D:3      | Noticed a big kobold
  2161 | D:3      | Noticed a big kobold
  2163 | D:3      | Killed a big kobold
  2163 | D:3      | Reached XP level 5. HP: 32/47 MP: 4/4
  2170 | D:3      | Reached skill level 5 in Armour
  2170 | D:3      | Reached skill level 5 in Shields
  2176 | D:3      | Reached XP level 6. HP: 23/53 MP: 5/5
  2772 | D:4      | Reached skill level 6 in Shields
  2772 | D:4      | Reached XP level 7. HP: 60/60 MP: 6/6
  2807 | D:4      | Noticed Sigmund
  3058 | D:4      | Reached skill level 5 in Fighting
  3278 | D:4      | Slain by an orc warrior

Vault maps used:
D:1:      dpeg_arrival_refuge
D:2:      lemuel_coloured_pillars_altar, overflow_temple_1_default,
          nicolae_overflow_crystal_walls, first_bread, ecumenical_altar_1,
          lexackson_kobold_supper
D:3:      minmay_goblin_kobold_castle, lemuel_round_altar
D:4:      serial_co_window_serial, co_window_of_opportunity_a,
          co_window_paths_b, co_window_cross_1, co_window_paths_a,
          co_window_corner_a, co_window_corner_a, co_window_cross_2,
          co_window_paths_c, co_window_2corner, co_window_unsneaky_path_e,
          co_window_corner_b, co_window_4corner_a, co_window_paths_e,
          glass_columns_b, glass_columns_c, glass_columns_a, uniq_sigmund

Skill      XL: |  1  2  3  4  5  6  7 |
---------------+----------------------+-----
Fighting       | 4 5 |  5.0
Armour         | 4 5 |  5.5
Shields        | 4 5 6 |  6.6
Dodging        | 1 2 |  2.5
Axes           | 3 4 |  4.6
Stealth        | |  0.5

Action                   |  1- 3 |  4- 6 |  7- 9 || total
-------------------------+-------+-------+-------++-------
Melee: War axe           |   140 |    88 |    45 ||   273
  Use: Scroll            |     1 |     2 |       ||     3
       Potion            |       |     1 |     1 ||     2
  Eat: Chunk             |     1 |       |     2 ||     3
       Meat ration       |     1 |       |       ||     1
